 Dungeon Sprint DCSS version 0.27.1-2-g3b301248ec (webtiles) character file.

Game seed: 1230719268299242101

0 boopmooplesden the Skirmisher (level 1, -14/20 HPs)
             Began as a Minotaur Fighter on Sept 22, 2021.
             Was an Initiate of Okawaru.
             Demolished by an ogre (29 damage)
             ... in the Dungeon (Sprint VI: "Thunderdome").
             The game lasted 00:00:53 (139 turns).

boopmooplesden the Skirmisher (Minotaur Fighter)     Turns: 139, Time: 00:00:53

Health: -14/20     AC:  9    Str: 20    XL:     1   Next: 16%
Magic:  0/0        EV:  7    Int:  8    God:    Okawaru [......]
Gold:   2          SH:  9    Dex:  9    Spells: 0/0 levels left

rFire    x . .     SeeInvis .   a - +0 flail
rCold    + + .     Faith    .   c - +0 kite shield
rNeg     . . .     Spirit   .   b - +0 scale mail
rPois    .         Reflect  .   (helmet restricted)
rElec    .         Harm     .   p - +0 cloak
rCorr    +         Rampage  .   o - +0 pair of gloves
Will     .....     NoTele   +   (no boots)
Stlth    +.........             q - amulet "Cueloma" {rC+ Regen+}
HPRegen  1.06/turn              r - ring "Eppiwi" {Ice rCorr Int+3 Stlth+}
MPRegen  0.07/turn              (no ring)

@: no status effects
A: horns 2, retaliatory headbutt
a: Renounce Religion


You were in the Dungeon.
You worshipped Okawaru.
Okawaru was noncommittal.
You visited 1 branch You collected 200 gold pieces.
You spent 198 gold pieces at shops.

Inventory:

Hand Weapons
 a - a +0 flail (weapon)
Armour
 b - a +0 scale mail (worn)
 c - a +0 kite shield (worn)
 o - a +0 pair of gloves (worn)
 p - a +0 cloak (worn)
Jewellery
 q - the amulet "Cueloma" (around neck) {rC+ Regen+}
   (You bought it in a shop in the Dungeon)

   [amulet of regeneration]

   rC:        It protects you from cold.
   Regen:     It increases your rate of health regeneration.
 r - the ring "Eppiwi" (left hand) {Ice rCorr Int+3 Stlth+}
   (You bought it in a shop in the Dungeon)

   [ring of ice]

   It enhances your ice magic.
   Int:       It affects your intelligence (+3).
   rF:        It makes you vulnerable to fire.
   rC:        It protects you from cold.
   rCorr:     It protects you from acid and corrosion.
   Stlth:     It makes you more stealthy.
Wands
 l - a wand of acid (5)
 m - a wand of iceblast (5)
Scrolls
 j - 4 scrolls of blinking
 n - 3 scrolls of fog
Potions
 d - a potion of might
 e - a potion of curing
 f - 4 potions of heal wounds
 g - 4 potions of haste
 h - 2 potions of magic
 i - a potion of berserk rage
 k - a potion of resistance


   Skills:
 + Level 3.9 Fighting
 + Level 2.5 Maces & Flails
 + Level 3.9 Armour
 + Level 3.9 Shields


You couldn't memorise any spells.
You didn't know any spells.
Your spell library was empty.

Dungeon Overview and Level Annotations

Branches:
Dungeon (1/1)

Altars:
Cheibriados
Dithmenos
Fedhas
Gozag
Kikubaaqudgha
Makhleb
Okawaru
Qazlal
Ru
Sif Muna
Trog
Uskayaw
Vehumet
Wu Jian
Xom
Yredelemnul
Zin
The Shining One
Beogh
Jiyva
Lugonu

Shops:
D *[??*?*:[((!!!!


Innate Abilities, Weirdness & Mutations

You have a pair of horns on your head.
You reflexively headbutt those who attack you in melee.


Message History

You kill the ball python!
Okawaru accepts your kill.
Found a shimmering blue altar of Sif Muna.
Found a glowing golden altar of the Shining One.
Found Rysache's Magic Scroll Shop.
Found three shops.
Found three altars.
Found a corrupted altar of Lugonu.
Found a hide-covered altar of Uskayaw.
Found a burning altar of Makhleb.
Found Efawk's Distillery and Qim Lang's Do-It-Yourself Clinic.
Found Genev's Distillery and Saogyess's Bottled Wisdom.
There is an entrance to Ucihiuh's Jewellery here.
q - the amulet "Cueloma" {rC+ Regen+}
r - the ring "Eppiwi" {Ice rCorr Int+3 Stlth+} Thank you for shopping at Ucihiuh's Jewellery!
You feel more attuned to ice.
You feel clever.
r - the ring "Eppiwi" (left hand) {Ice rCorr Int+3 Stlth+} You start putting on your amulet.
You continue putting on the amulet "Cueloma" {rC+ Regen+}. x5
You finish putting on the amulet "Cueloma" {rC+ Regen+}.
The amulet "Cueloma" throbs as it attunes itself to your uninjured body.
q - the amulet "Cueloma" (around neck) {rC+ Regen+} You start waiting.
An iguana comes into view.
A kobold and an ogre come into view.
The iguana hisses angrily.
The kobold shouts!
The ogre shouts!
You barely miss the iguana. You headbutt the iguana.
The iguana is moderately wounded.
You block the iguana's attack.
You barely miss the ogre.
The iguana bites you but does no damage.
The ogre hits you with a +0 giant club! You block the kobold's attack.
You block the iguana's attack.
You thump the ogre!
The ogre is moderately wounded.
The kobold hits you but does no damage.
The ogre hits you with a +0 giant club!!
Ouch! That really hurt!
You die...

##§§§## #.....# ##.....##
##∩.....∩## #∩.......∩#
#_......._# #_......._#
#...KlO.._# ###....@....###
#⌠...........⌠#
######.8.........8.######
##.___......###......___∩##
###∩........8.# #.8........∩###
##.............###.............##
#⌠..........###...###..........⌠#
#⌠..........# #.<.# #..........⌠#
#⌠..........###...###..........⌠#


You could see an ogre, an iguana and a kobold.

Vanquished Creatures
  A ball python (D)
1 creature vanquished.

Notes
Turn   | Place    | Note
-------+----------+-------------------------------------------
     0 | D        | boopmooplesden the Minotaur Fighter began the quest for the
                  | Orb.
     0 | D        | Reached XP level 1. HP: 19/19 MP: 0/0
     3 | D        | Found a glowing silver altar of Zin.
     3 | D        | Found an ornate altar of the Wu Jian Council.
     4 | D        | Found a bloodstained altar of Trog.
     4 | D        | Found a basalt altar of Yredelemnul.
     5 | D        | Found a viscous altar of Jiyva.
     5 | D        | Found a blossoming altar of Fedhas.
     5 | D        | Round 1.
     6 | D        | Found a radiant altar of Vehumet.
     6 | D        | Found a stormy altar of Qazlal.
     6 | D        | Found Jusabic's Weapon Rack.
     6 | D        | Found Zuem's Premium Goods.
     7 | D        | Found Ekuixtui's Basic Armour.
     7 | D        | Found Kuuxeasoc's Miscellaneous Merchandise.
    10 | D        | Found a sacrificial altar of Ru.
    11 | D        | Found an iron altar of Okawaru.
    13 | D        | Found Lathy's Identification Station.
    13 | D        | Found an opulent altar of Gozag.
    13 | D        | Found a shadowy altar of Dithmenos.
    14 | D        | Found Riyma's Advanced Armour.
    14 | D        | Found Ucihiuh's Jewellery.
    19 | D        | Became a worshipper of Warmaster Okawaru
    33 | D        | Bought a +0 pair of gloves for 54 gold pieces
    33 | D        | Bought a +0 cloak for 54 gold pieces
    58 | D        | Found a shimmering blue altar of Sif Muna.
    59 | D        | Found a glowing golden altar of the Shining One.
    60 | D        | Found Rysache's Magic Scroll Shop.
    61 | D        | Found a snail-covered altar of Cheibriados.
    61 | D        | Found a shimmering altar of Xom.
    61 | D        | Found an ancient bone altar of Kikubaaqudgha.
    61 | D        | Found Mytiomoh's Staff Store.
    61 | D        | Found Ywkuolyle's Magic Scroll Shop.
    61 | D        | Found Voggoips's Must-Have Magic.
    65 | D        | Found a corrupted altar of Lugonu.
    66 | D        | Found a hide-covered altar of Uskayaw.
    67 | D        | Found a burning altar of Makhleb.
    68 | D        | Found Efawk's Distillery.
    68 | D        | Found Qim Lang's Do-It-Yourself Clinic.
    69 | D        | Found Genev's Distillery.
    69 | D        | Found Saogyess's Bottled Wisdom.
    97 | D        | Bought a fine emerald amulet for 45 gold pieces
    97 | D        | Identified the amulet "Cueloma" {rC+ Regen+} (You bought it
                  | in a shop in the Dungeon)
    97 | D        | Bought a wavering marble ring for 45 gold pieces
    97 | D        | Identified the ring "Eppiwi" {Ice rCorr Int+3 Stlth+} (You
                  | bought it in a shop in the Dungeon)
   130 | D        | Noticed an iguana
   131 | D        | Noticed an ogre
   139 | D        | Demolished by an ogre

Illustrated notes

Levels and vault maps discovered:
D:        arena_sprint

Action                   || total
-------------------------++-------
Melee: Flail             ||     5
       Headbutt          ||     1
Armor: Scale mail        ||     3
Block: Kite shield       ||     4
